 Dungeon Crawl Stone Soup version 0.30-a0-719-gcc4359ea44 (webtiles) character file.

Game seed: 15400704652011720807

2 Flugkiller the Sneak (level 1, -3/16 HPs)
             Began as an Octopode Delver on Jan 26, 2023.
             Shot with an arrow by a centaur (8 damage)
             ... on level 5 of the Dungeon.
             The game lasted 00:00:36 (120 turns).

Flugkiller the Sneak (Octopode Delver)               Turns: 120, Time: 00:00:36

Health: -3/16      AC:  1    Str: 11    XL:     1   Next: 30%
Magic:  1/1        EV: 13    Int: 12    God:
Gold:   24         SH:  0    Dex: 13    Spells: 0/0 levels left

rFire   . . .      SeeInvis .    a - +0 short sword
rCold   . . .      Faith    .    (no shield)
rNeg    . . .      Spirit   .    (helmet restricted)
rPois   .          Reflect  .    (no amulet)
rElec   .          Harm     .    (no ring)
rCorr   .          Rampage  .    (no ring)
Will    .....                    (no ring)
Stlth   ++++                     (no ring)
HPRegen 0.22/turn                (no ring)
MPRegen 0.07/turn                (no ring)
                                 (no ring)
                                 (no ring)

@: hasted, very quick
A: almost no armour, amphibious, 8 rings, camouflage 1, gelatinous body 1,
(nimble swimmer 1), tentacles
a: no special abilities


You were on level 5 of the Dungeon.
You visited 1 branch of the dungeon, and saw 2 of its levels.

You collected 24 gold pieces.

Inventory:

Hand Weapons
 a - a +0 short sword (weapon)
Wands
 f - a wand of digging (3)
Scrolls
 b - a scroll of fog
 d - a scroll of fear
 e - a scroll of identify {unknown}
Potions
 g - a potion of curing {unknown}


   Skills:
 - Level 3.0 Fighting
 - Level 2.0 Short Blades
 + Level 2.2 Dodging
 - Level 6.6 Stealth


You couldn't memorise any spells.
You didn't know any spells.
Your spell library was empty.

Dungeon Overview and Level Annotations

Branches:
Dungeon (5/15) Zot: 11881
 Temple: D:4-7

Altars:
Ashenzari

Annotations:
D:5 Dowan, Duvessa


Innate Abilities, Weirdness & Mutations

You cannot wear most types of armour.
You are amphibious.
You can wear up to eight rings at the same time.
Your skin changes colour to match your surroundings (Stealth+).
Your rubbery body absorbs attacks. (AC +1, EV +1)
((You are camouflaged when in or above water. (Stealth+)))
You have tentacles for arms and can constrict up to eight enemies at once.


Message History

Ran out of altars for temple!
Welcome, Flugkiller the Octopode Delver.
They say the Orb of Zot lies within this dungeon, but they say a lot of things.
Press ? for a list of commands and other information.
Found a stone staircase leading down.
There is a stone staircase leading down here.
You now have 10 gold pieces.
Found a rapier.
Found a stone staircase leading down.
Found 14 gold pieces.
Found a stone staircase leading up.
Found a red potion.
e - a scroll labelled WEFOAMINTI
Found a broken altar of Ashenzari.
g - a red potion
There is a stone staircase leading down here.
An orc comes into view.
It is wielding a +0 dagger and wearing a +2 leather armour of poison resistance.
You see here 14 gold pieces.
You now have 24 gold pieces (gained 14).
There is a stone staircase leading up here.
A sourceless malevolence fills the Dungeon...
With a horrendous wail, an alarm goes off!
A sentinel's mark forms upon you.
You hear a shout! x7
You barely miss the orc. You grab the orc. You constrict the orc.
You hit the orc.
The orc is moderately wounded.
You constrict the orc. The orc misses you.
You hit the orc.
You kill the orc!
No target in view!
There is a stone staircase leading up here.
You climb upwards.
There is a stone staircase leading down here.
You start waiting.
A scorpion comes into view.
You climb downwards.
There is a stone staircase leading up here.
You start waiting.
The sentinel's mark upon you fades away.
Duvessa, Sister of Dowan comes into view.
She is wielding a +1 vampiric short sword.
Okay, then.
Okay, then.
As you read the scroll of magic mapping, it crumbles to dust.
You feel aware of your surroundings.
Dowan, Brother of Duvessa comes into view.
He is wielding a +0 dagger.
A centaur comes into view.
The centaur wields a +0 shortbow.
The centaur shoots an arrow.
The arrow hits you.
The centaur shoots an arrow.
The arrow closely misses you.
The centaur shoots an arrow.
The arrow closely misses you.
Found 11 gold pieces.
The centaur shoots an arrow.
The arrow completely misses you.
The centaur shoots an arrow.
The arrow closely misses you.
The centaur shoots an arrow.
The arrow closely misses you.
You feel yourself speed up.
The centaur shoots an arrow.
The arrow hits you. Dowan casts a spell at you. The puff of flame hits you.
* * * LOW HITPOINT WARNING * * *
The centaur shoots an arrow.
The arrow hits you!
Ouch! That really hurt!
You die...

#.....# #.# *,* *,******** *,*
#.....# #.# *,* *,* *,*
##.....# #.#
*,**##,#**********,, .#.....#
#.# *,,<.#.#*,,,,,,,,,,,
..##.###
#.######.#.#*,**,**,****
.....#####..........#*,**,**,*
.....#.#.#.#.#.#.#.#.#..,,**,*
...#...................#****,*
....c#.#.#.#.#.#@#.#.#.*****,*
..##...<.c..............,,,,,*
#.##.#.#.#.#e#.#.#.#.###******
.............e........*
######.#.#.#.#.#.#.#.#*
.,,,,###.##.#.########
##**,**#.......#
*,,,,,#.##.##.#
*,,,,,#.##.#*.#


You could see Duvessa, Dowan and a centaur.

Vanquished Creatures
  An orc (D:5)
1 creature vanquished.

Notes
Turn   | Place    | Note
-------+----------+-------------------------------------------
     0 | D:5      | Flugkiller the Octopode Delver began the quest for the Orb.
     0 | D:5      | Reached XP level 1. HP: 16/16 MP: 1/1
    45 | D:5      | Found a broken altar of Ashenzari.
    91 | D:4      | Noticed a scorpion
   103 | D:5      | Noticed Duvessa
   105 | D:5      | Noticed Dowan
   108 | D:5      | Noticed a centaur
   120 | D:5      | Shot with an arrow by a centaur

Illustrated notes

Levels and vault maps discovered:
D:4:      minmay_general_purpose_star, layout_basic, jmf_multi_god_temple2,
          kennysheep_generic_room_13
D:5:      layout_loops_cross, nicolae_ashenzari_panopticon, st_stairs_12,
          uniq_ijyb, uniq_edmund, uniq_duvessa, uniq_sigmund

Action                     || total
---------------------------++-------
  Melee: Short sword       ||     3
         Constrict         ||     1
    Use: Scroll            ||     1
         Potion            ||     1
  Dodge: Dodged            ||     6

Table legend: (Time is in decaauts)
 A = Elapsed time spent in this place.
 B = Non-inter-level travel time spent in this place.
 C = Inter-level travel time spent in this place.
 D = Time resting spent in this place.
 E = Time spent auto-exploring this place.
 F = Levels seen in this place.
 G = Mean time per level.
                   A        B        C        D        E       F      G
               +--------+--------+--------+--------+--------+-----+--------+
         Total |    118 |    118 |      0 |     17 |     30 |   2 |   59.0 |
       Dungeon |    118 |    118 |      0 |     17 |     30 |   2 |   59.0 |
               +--------+--------+--------+--------+--------+-----+--------+

Top non-repeatable levels by time:
     D:5: 101 daAuts
     D:4: 16 daAuts
